 Dungeon Crawl Stone Soup version 0.30-a0-737-gf23d94013f (webtiles) character file.

Game seed: 15522023451942525739

28 jimonade the Magician (level 3, -3/25 HPs)
             Began as a Djinni Hedge Wizard on Feb 3, 2023.
             Slain by a worm (6 damage)
             ... on level 2 of the Dungeon.
             The game lasted 00:02:53 (1427 turns).

jimonade the Magician (Djinni Hedge Wizard)         Turns: 1427, Time: 00:02:53

Health: -3/25      AC:  2    Str: 11    XL:     3   Next: 30%
Gold:   120        EV: 12    Int: 15    God:
                   SH:  0    Dex: 12

rFire   + + .      SeeInvis .    a - +1 hand axe (elec)
rCold   x . .      Faith    .    (no shield)
rNeg    . . .      Spirit   .    b - +0 robe
rPois   ∞          Reflect  .    c - +0 hat
rElec   .          Harm     .    (no cloak)
rCorr   .          Rampage  .    (no gloves)
Will    .....                    (boots unavailable)
Stlth   ++                       (no amulet)
HPRegen 0.24/turn                (no ring)
MPRegen 0.00/turn                (no ring)

@: flying
A: sickness immunity, fire resistance 2, cold vulnerability 1, float, innate
caster, HP casting, extra vitality 1
a: no special abilities


You were on level 2 of the Dungeon.
You visited 1 branch of the dungeon, and saw 2 of its levels.

You collected 120 gold pieces.

Inventory:

Hand Weapons
 a - a +1 hand axe of electrocution (weapon)
 k - a +0 dagger
Armour
 b - a +0 robe (worn)
 c - a +0 hat (worn)
Magical Staves
 n - a staff of earth
Scrolls
 d - a scroll of summoning {unknown}
 h - a scroll of teleportation {unknown}
 i - 2 scrolls of noise {unknown}
 j - a scroll of identify {unknown}
 m - 2 scrolls of fog {unknown}
Potions
 e - 2 potions of mutation {unknown}
 f - a potion of invisibility {unknown}
 g - 3 potions of curing {unknown}
 l - a potion of degeneration {unknown}


   Skills:
 + Level 0.7 Short Blades
 + Level 0.1 Axes
 + Level 2.2 Dodging
 - Level 1.5 Stealth
 * Level 3.1 Spellcasting


You couldn't memorise any spells.
You knew the following spells:

 Your Spells              Type           Power      Damage    Failure   Level
a - Magic Dart            Conj           44%        1d5       5%          1
b - Slow                  Hex            44%        N/A       5%          1
c - Blink                 Tloc           22%        N/A       9%          2
d - Call Imp              Summ           11%        N/A       9%          2
e - Mephitic Cloud        Conj/Pois/Air  11%        N/A       17%         3
f - Freeze                Ice            44%        1d6       5%          1
Your spell library was empty.

Dungeon Overview and Level Annotations

Branches:
Dungeon (2/15)

Altars:


Innate Abilities, Weirdness & Mutations

You are immune to sickness and miasma.
You are immune to poison.
Your flesh is very heat resistant. (rF++)
You are vulnerable to cold. (rC-)
You float through the air rather than walking.
You learn spells naturally, not from books.
Your magical power is your life essence.
You have superior vitality. (+4 MHP)


Message History

No target in view!
You now have 120 gold pieces (gained 9).
m - 2 scrolls labelled NIURUK LESUZEE (gained 1)
Found a ring of flight.
A worm comes into view.
A worm is nearby!
You slash the worm!
The worm is heavily wounded.
The worm bites you.
You barely miss the worm. Your punch misses the worm.
The worm is moderately wounded.
You slash the worm!
The worm is severely wounded.
The worm bites you!
You are too injured to fight recklessly!
You are too injured to fight recklessly!
You are too injured to fight recklessly!
You are too injured to fight recklessly!
You are too injured to fight recklessly!
You are too injured to fight recklessly!
You hit the worm.
The worm is severely wounded.
The worm misses you.
You hit the worm but do no damage.
The worm is severely wounded.
The worm bites you.
You barely miss the worm.
The worm is severely wounded.
The worm bites you.
* * * LOW HITPOINT WARNING * * *
You barely miss the worm.
The worm is heavily wounded.
You hit the worm.
The worm is almost dead.
The worm bites you.
* * * LOW HITPOINT WARNING * * *
You hit the worm.
The worm is almost dead.
The worm bites you.
You die...

# ####.# # ##.##.#
### ####...#.# ..+
+........# ###
####.....# #
#..#### # #.## #
#.# # #+# #@# ##
#.. #w# .# #.#
##.# .###
##.#####.##.#
...###...#.......#
..............####
....#....#.#
.#.###...).#
.##.#.#.####


You could see a worm.

Vanquished Creatures
  A dart slug (D:1)
  2 ball pythons
  2 endoplasms (D:1)
  A giant cockroach (D:1)
  3 goblins (D:1)
  3 hobgoblins
  5 bats (D:1)
  5 frilled lizards (D:1)
  3 kobolds
25 creatures vanquished.

Notes
Turn   | Place    | Note
-------+----------+-------------------------------------------
     0 | D:1      | jimonade the Djinni Hedge Wizard began the quest for the
                  | Orb.
     0 | D:1      | jimonade set off with the following spells memorised: Magic
                  | Dart, Slow, Blink, Call Imp, Mephitic Cloud.
     0 | D:1      | Reached XP level 1. HP: 15/15 MP: 0/0
    74 | D:1      | Reached XP level 2. HP: 18/21 MP: 0/0
   658 | D:1      | Reached skill level 3 in Spellcasting
   662 | D:1      | Reached XP level 3. HP: 23/25 MP: 0/0
   662 | D:1      | Learned a level 1 spell: Freeze
  1427 | D:2      | Slain by a worm

Illustrated notes

Levels and vault maps discovered:
D:1:      dpeg_arrival_rooms_with_view, layout_basic
D:2:      layout_loops_corners

Skill      XL: |  1  2 |
---------------+-------+-----
Spellcasting   | 3 |  3.1
Short Blades   | |  0.7
Axes           | |  0.1
Dodging        | |  2.2
Stealth        | |  1.5

Action                     || total
---------------------------++-------
  Melee: Dagger            ||     1
         Hand axe          ||    40
   Cast: Magic Dart        ||    42
   Stab: Sleeping          ||     1
 Armour: Robe              ||    11
  Dodge: Dodged            ||    28

Table legend: (Time is in decaauts)
 A = Elapsed time spent in this place.
 B = Non-inter-level travel time spent in this place.
 C = Inter-level travel time spent in this place.
 D = Time resting spent in this place.
 E = Time spent auto-exploring this place.
 F = Levels seen in this place.
 G = Mean time per level.
                   A        B        C        D        E       F      G
               +--------+--------+--------+--------+--------+-----+--------+
         Total |   1438 |   1324 |    114 |      0 |   1136 |   2 |  719.0 |
       Dungeon |   1438 |   1324 |    114 |      0 |   1136 |   2 |  719.0 |
               +--------+--------+--------+--------+--------+-----+--------+

Top non-repeatable levels by time:
     D:1: 1099 daAuts
     D:2: 338 daAuts
